 Dungeon Crawl Stone Soup version 0.31-a0-627-gd65175cf8b (webtiles) character file.

Game seed: 11043361962305846655

86 Ijustatesigmund the Trooper (level 4, 0/29 HPs)
             Began as a Gargoyle Wanderer on Aug 25, 2023.
             Slain by an iguana (9 damage)
             ... on level 4 of the Dungeon.
             The game lasted 00:04:04 (2073 turns).

Ijustatesigmund the Trooper (Gargoyle Wanderer)     Turns: 2073, Time: 00:04:04

Health: 0/29       AC:  7    Str: 15    XL:     4   Next: 49%
Magic:  5/5        EV: 11    Int: 13    God:
Gold:   73         SH:  0    Dex: 11    Spells: 4/5 levels left

rFire   + . .        a - +2 spear
rCold   . . .        (no shield)
rNeg    + . .        e - +0 leather armour
rPois   ∞            (no helmet)
rElec   +            (no cloak)
rCorr   .            f - +0 pair of gloves
SInv    .            (no boots)
Will    +....        (no amulet)
Stlth   +            g - ring of protection from fire
HPRegen 0.24/turn    l - ring of willpower
MPRegen 0.09/turn

%: no passive effects
@: no status effects
A: sickness immunity, AC +3, negative energy resistance 1, electricity
resistance, torment resistance 1, petrification resistance
a: no special abilities


You were on level 4 of the Dungeon.
You visited 1 branch of the dungeon, and saw 4 of its levels.

You collected 161 gold pieces.
You spent 88 gold pieces at shops.

Inventory:

Hand Weapons
 a - a +2 spear (weapon)
 h - a +0 flail
Missiles
 b - 9 boomerangs (quivered)
Armour
 e - a +0 leather armour (worn)
 f - a +0 pair of gloves (worn)
Jewellery
 g - a ring of protection from fire (left hand)
 l - a ring of willpower (right hand)
 q - a ring of protection from cold
Wands
 i - a wand of roots (3)
Scrolls
 k - a scroll of enchant armour {unknown}
 r - 2 scrolls of fog
Potions
 c - 2 potions of might
 d - 4 potions of curing
 j - 2 potions of degeneration {unknown}
 m - a potion of enlightenment {unknown}
 n - a potion of mutation {unknown}
 o - 2 potions of brilliance {unknown}
 p - a potion of magic {unknown}
 s - 3 potions of heal wounds
 t - a potion of lignification


   Skills:
 + Level 4.1 Fighting
 + Level 2.3 Maces & Flails
 - Level 3.6 Polearms
 - Level 1.0 Throwing
 - Level 1.0 Spellcasting
 - Level 1.0 Summonings
 - Level 1.0 Evocations


You had 4 spell levels left.
You knew the following spells:

 Your Spells              Type           Power      Damage    Failure   Level
a - Summon Small Mammal   Summ           12%        N/A       22%         1

Your spell library contained the following spells:

 Spells                   Type           Power      Damage    Failure   Level
 Call Canine Familiar     Summ           3%         N/A       56%         3


Dungeon Overview and Level Annotations

Branches:
Dungeon (4/15)
 Temple: D:4-7

Altars:
Elyvilon

Shops:
D:3 !


Innate Abilities, Weirdness & Mutations

You are immune to sickness and miasma.
Your stone body is resilient. (AC +3)
You are immune to poison.
You resist negative energy. (rN+)
You are resistant to electric shocks. (rElec)
You are resistant to unholy torment.
You are immune to petrification.


Message History

The iguana closely misses you.
You hit the iguana.
The iguana is moderately wounded.
The iguana barely misses you.
You barely miss the iguana.
The iguana is moderately wounded.
The iguana bites you.
You hit the iguana but do no damage.
The iguana is moderately wounded.
The iguana bites you!
You hit the iguana but do no damage.
The iguana is moderately wounded.
The iguana closely misses you.
You hit the iguana but do no damage.
The iguana is moderately wounded.
The iguana barely misses you.
You barely miss the iguana.
The iguana is moderately wounded.
The iguana bites you.
You are too injured to fight recklessly!
You are too injured to fight recklessly!
You are too injured to fight recklessly!
You are too injured to fight recklessly!
You are too injured to fight recklessly!
You are too injured to fight recklessly!
You barely miss the iguana.
The iguana is moderately wounded.
The iguana closely misses you.
You hit the iguana.
The iguana is heavily wounded.
You hit the iguana.
The iguana is severely wounded.
The iguana closely misses you.
You hit the iguana but do no damage.
The iguana is severely wounded.
The iguana bites you.
You hit the iguana but do no damage.
The iguana is severely wounded.
The iguana bites you!
You die...

###< ... .#. .... .. .>.
. #. #.# .#
########.###..# #...
####<........#..# ....#
##....#######...##.....#
#..#### ####....@..#
#.## #....####l..$# #.#
#.#### ...## ..# #.#
...# .## ##.# .###
<#######..# .#
.........## ..
.######### #. .#


You could see an iguana.

Vanquished Creatures
  An orc priest (D:3)
  An adder (D:3)
  2 dart slugs (D:1)
  3 orcs (D:3)
  7 bats
  4 endoplasms
  A giant cockroach (D:1)
  A goblin (D:3)
  2 hobgoblins (D:1)
  5 kobolds
  8 ball pythons
  2 frilled lizards
  A rat (D:1)
38 creatures vanquished.

Notes
Turn   | Place    | Note
-------+----------+-------------------------------------------
     0 | D:1      | Ijustatesigmund the Gargoyle Wanderer began the quest for
                  | the Orb.
     0 | D:1      | Ijustatesigmund set off with the following items: a +2
                  | spear, 8 boomerangs, a +0 dagger, a potion of curing, a +0
                  | leather armour; and the following spell memorised: Summon
                  | Small Mammal; and the following spells available to
                  | memorise: Call Canine Familiar.
     0 | D:1      | Reached XP level 1. HP: 12/12 MP: 2/2
   257 | D:1      | Reached XP level 2. HP: 18/18 MP: 3/3
   260 | D:1      | Reached skill level 3 in Fighting
   529 | D:1      | Reached skill level 1 in Maces & Flails
   555 | D:1      | Reached XP level 3. HP: 23/23 MP: 4/4
  1208 | D:2      | Found a white marble altar of Elyvilon.
  1577 | D:3      | Found Konaneth's Distillery.
  1602 | D:3      | Bought a potion of heal wounds for 55 gold pieces
  1602 | D:3      | Bought a potion of lignification for 33 gold pieces
  1623 | D:3      | Reached skill level 4 in Fighting
  1623 | D:3      | Reached XP level 4. HP: 20/29 MP: 5/5
  2073 | D:4      | Slain by an iguana

Illustrated notes

Levels and vault maps discovered:
D:1:      saegor_arrival_simple_d, layout_basic, grunt_decor_arrowhead
D:2:      layout_loops_ring, basic_altar
D:3:      layout_rooms, serial_shops, shop
D:4:      layout_rooms

Skill      XL: |  1  2  3 |
---------------+----------+-----
Fighting       | 3 4 |  4.1
Maces & Flails | 1 2 |  2.3
Polearms       | |  3.6
Throwing       | |  1.0
Spellcasting   | |  1.0
Summonings     | |  1.0
Evocations     | |  1.0

Action                     |  1- 3 |  4- 6 || total
---------------------------+-------+-------++-------
  Melee: Spear             |    89 |    42 ||   131
         Punch             |       |     1 ||     1
   Cast: Summon Small Mamm |     2 |       ||     2
    Use: Scroll            |     5 |       ||     5
   Stab: Sleeping          |     2 |     1 ||     3
 Armour: Leather armour    |    23 |    10 ||    33
  Dodge: Dodged            |    42 |    19 ||    61

Table legend: (Time is in decaauts)
 A = Elapsed time spent in this place.
 B = Non-inter-level travel time spent in this place.
 C = Inter-level travel time spent in this place.
 D = Time resting spent in this place.
 E = Time spent auto-exploring this place.
 F = Levels seen in this place.
 G = Mean time per level.
                   A        B        C        D        E       F      G
               +--------+--------+--------+--------+--------+-----+--------+
         Total |   2061 |   1986 |     75 |    132 |   1560 |   4 |  515.2 |
       Dungeon |   2061 |   1986 |     75 |    132 |   1560 |   4 |  515.2 |
               +--------+--------+--------+--------+--------+-----+--------+

Top non-repeatable levels by time:
     D:1: 849 daAuts
     D:2: 641 daAuts
     D:3: 521 daAuts
     D:4: 49 daAuts
